 Dungeon Crawl Stone Soup version 0.29-a0-266-gf56f883ddd (webtiles) character file.

Game seed: 15641927901514724343

136095 pokeman the Sorcerer (level 16, -22/92 HPs)
             Began as a Deep Elf Hedge Wizard on Mar 6, 2022.
             Was a High Priest of Vehumet.
             Killed by the raging water
             ... invoked by a water nymph
              (41 damage)
             ... on level 4 of the Shoals.
             The game lasted 01:33:24 (36072 turns).

pokeman the Sorcerer (Deep Elf Hedge Wizard)       Turns: 36072, Time: 01:33:24

Health: -22/92     AC: 15    Str:  7    XL:     16   Next: 65%
Magic:  41/64      EV: 12    Int: 31    God:    Vehumet [*****.]
Gold:   2393       SH:  5    Dex: 14    Spells: 31/63 levels left

rFire   . . .      SeeInvis .   l - staff of conjuration
rCold   . . .      Faith    .   n - +0 buckler
rNeg    . . .      Spirit   .   F - +0 steam dragon scales
rPois   +          Reflect  .   h - +2 helmet {Int+3}
rElec   .          Harm     .   B - +0 cloak
rCorr   .          Rampage  .   s - +2 pair of gloves
Will    +....                   v - +0 pair of boots {Fly}
Stlth   ++........              y - amulet of the acrobat
HPRegen 0.25/turn               V - ring of magical power
MPRegen 0.39/turn               e - ring "Jedureng" {rPois MP+9}

@: flying
A: no striking features
a: Renounce Religion


You were on level 4 of the Shoals.
You worshipped Vehumet.
Vehumet was extremely pleased with you.
You visited 5 branches of the dungeon, and saw 25 of its levels.

You collected 2966 gold pieces.
You spent 573 gold pieces at shops.

Inventory:

Hand Weapons
 L - the +9 flail of Dyircham {flame, rElec rN+ Dex+3}
   (You found it on level 9 of the Dungeon)

   It burns those it strikes, dealing additional fire damage.
   Dex:       It affects your dexterity (+3).
   rElec:     It insulates you from electricity.
   rN:        It protects you from negative energy.
 N - the +3 quarterstaff of the Silent Majority {venom, rElec rPois}
   (You found it on level 10 of the Dungeon)

   It poisons the flesh of those it strikes.
   rElec:     It insulates you from electricity.
   rPois:     It protects you from poison.
 O - the +8 trident of Offence {vorpal, rPois rF+ Str+8 Dex-4}
   (You took it off a merfolk on level 4 of the Shoals)

   It inflicts extra damage upon your enemies.
   Str:       It affects your strength (+8).
   Dex:       It affects your dexterity (-4).
   rF:        It protects you from fire.
   rPois:     It protects you from poison.
 P - the +0 long sword of Kismet {venom, Fly rPois Dex-4 SInv}
   (You took it off a merfolk on level 4 of the Shoals)

   It poisons the flesh of those it strikes.
   Dex:       It affects your dexterity (-4).
   rPois:     It protects you from poison.
   SInv:      It lets you see invisible.
   Fly:       It grants you flight.
 T - a +2 shortbow of freezing
Missiles
 p - a throwing net
Armour
 a - the -5 pair of boots of Egatotwu {rC+ Will+}
   (You bought it in a shop on level 2 of the Orcish Mines)

   rC:        It protects you from cold.
   Will:      It increases your willpower.
 h - a +2 helmet of intelligence (worn)
 n - a +0 buckler (worn)
 s - a +2 pair of gloves (worn)
 v - a +0 pair of boots of flying (worn)
 A - a +0 leather armour of cold resistance
 B - a +0 cloak (worn)
 F - +0 steam dragon scales (worn)
 Q - an orb of energy
Magical Staves
 l - a staff of conjuration (weapon)
 J - a staff of cold
Jewellery
 b - a ring of flight
 e - the ring "Jedureng" (right hand) {rPois MP+9}
   (You acquired it on level 2 of the Lair of Beasts)

   [ring of poison resistance]

   rPois:     It protects you from poison.
   MP:        It affects your magic capacity (+9).
 g - a ring of poison resistance
 i - a ring of protection from cold
 j - a ring of wizardry
 u - a +6 ring of dexterity
 w - a ring of fire
 y - an amulet of the acrobat (around neck)
 V - a ring of magical power (left hand)
 W - a ring of protection from fire
Wands
 D - a wand of digging (17)
 E - a wand of charming (4)
 K - a wand of iceblast (18)
 R - a wand of paralysis (4)
 S - a wand of acid (8)
Scrolls
 m - 13 scrolls of teleportation
 o - a scroll of fog
 x - a scroll of amnesia
 z - a scroll of enchant weapon
 C - 5 scrolls of blinking
 G - a scroll of fear
 I - a scroll of holy word
 M - 6 scrolls of magic mapping
Potions
 c - 13 potions of curing
 d - 5 potions of magic
 f - a potion of invisibility
 k - 6 potions of heal wounds
 q - a potion of resistance
 r - a potion of berserk rage {unknown}
 t - 2 potions of brilliance
 H - 4 potions of ambrosia
 X - 3 potions of haste
 Z - a potion of mutation {unknown}
Miscellaneous
 Y - a piece from Xom's chessboard (15/15)


   Skills:
 - Level 7.3 Fighting
 + Level 7.1 Armour
 - Level 3.3 Dodging
 - Level 3.0 Stealth
 - Level 5.1 Shields
 * Level 24.4 Spellcasting
 + Level 15.1 Conjurations
 - Level 1.1 Summonings
 - Level 1.1 Translocations
 + Level 12.7 Fire Magic
 - Level 1.1 Ice Magic
 - Level 1.0 Air Magic
 - Level 8.0 Earth Magic
 - Level 2.0 Poison Magic
 - Level 2.0 Evocations


You had 31 spell levels left.
You knew the following spells:

 Your Spells              Type           Power      Damage    Failure   Level
a - Magic Dart            Conj           100%       1d8       0%          1
b - Mephitic Cloud        Conj/Pois/Air  85%        N/A       1%          3
c - Call Imp              Summ           44%        N/A       1%          2
d - Blink                 Tloc           88%        N/A       1%          2
e - Conjure Flame         Conj/Fire      100%       6-21      0%          3
f - Foxfire               Conj/Fire      100%       2x1d9     0%          1
g - Fireball              Conj/Fire      56%        3d22      1%          5
h - Iron Shot             Conj/Erth      52%        9d10      1%          6
i - Starburst             Conj/Fire      56%        6d15      1%          6
j - Swiftness             Air            44%        N/A       1%          3

Your spell library contained the following spells:

 Spells                   Type           Power      Damage    Failure   Level
 Eringya's Noxious Bog    Tmut/Pois      22%        N/A       24%         6
 Shock                    Conj/Air       100%       1d9       1%          1
 Slow                     Hex            100%       N/A       1%          1
 Summon Small Mammal      Summ           100%       N/A       1%          1
 Corpse Rot               Necr/Air       82%        N/A       1%          2
 Poisonous Vapours        Pois/Air       94%        N/A       1%          2
 Call Canine Familiar     Summ           44%        N/A       1%          3
 Ozocubu's Armour         Ice            45%        N/A       1%          3
 Airstrike                Air            22%        N/A       1%          4
 Animate Armour           Summ/Erth      100%       N/A       1%          4
 Leda's Liquefaction      Hex/Erth       29%        N/A       1%          4
 Petrify                  Tmut/Erth      58%        N/A       1%          4
 Lee's Rapid Deconstruct  Erth           36%        3d19*     1%          5
 Summon Guardian Golem    Hex/Summ       41%        N/A       2%          3
 Borgnjor's Vile Clutch   Necr/Erth      29%        N/A       4%          5
 Animate Dead             Necr           18%        N/A       10%         4
 Metabolic Englaciation   Hex/Ice        20%        N/A       21%         5
 Blade Hands              Tmut           18%        N/A       26%         5
 Statue Form              Tmut/Erth      38%        N/A       28%         6
 Ozocubu's Refrigeration  Ice            22%        4d9       73%         7
 Death Channel            Necr           18%        N/A       82%         6
 Polar Vortex             Ice            22%        N/A       100%        9


Dungeon Overview and Level Annotations

Branches:
Dungeon (12/15)            Temple (1/1) D:6            Lair (6/6) D:8
 Shoals (4/4) Lair:4       Spider (0/4) Lair:3        Slime (0/5) Lair:6
    Orc (2/2) D:12            Elf (0/3) Orc:2

Altars:
Elyvilon
Fedhas
Gozag
Kikubaaqudgha
Makhleb
Nemelex Xobeh
Qazlal
Uskayaw
Vehumet
Wu Jian
Xom
Yredelemnul
The Shining One
Jiyva

Shops:
D:12 ([   Orc:2 ![![[(!


Message History

Aiming: Fireball (safe; 1% risk of failure)
Press: ? - help, Shift-Dir - straight line, f/p - wind drake
Aim: a wind drake (steam, heavily wounded, repelling missiles)
You feel a surge of power!
The fireball explodes!
The fireball engulfs the wind drake!!!
The wind drake is almost dead.
You hear a shout! x2
The water nymph points at you and mumbles some strange words.
The water rises up and strikes you!
* * * LOW HITPOINT WARNING * * *
The wind drake is engulfed in a cloud of scalding steam.
Unknown command.
Casting: Fireball (safe; 1% risk of failure)
Confirm with . or Enter, or press ? or * to list all spells.
Aiming: Fireball (safe; 1% risk of failure)
Press: ? - help, Shift-Dir - straight line, f/p - wind drake
Aim: a wind drake (almost dead, repelling missiles)
You feel a surge of power!
The fireball explodes!
The fireball engulfs the wind drake!!!
You kill the wind drake!
Vehumet accepts your kill.
You feel your power returning.
A water elemental comes into view.
Unknown command.
Casting: Fireball (safe; 1% risk of failure)
Confirm with . or Enter, or press ? or * to list all spells.
Aiming: Fireball (safe; 1% risk of failure)
Press: ? - help, Shift-Dir - straight line, f - water nymph
Aim: a water nymph You feel a surge of power!
The fireball explodes!
The fireball engulfs the water nymph!!
The water nymph is severely wounded.
The fireball engulfs the water elemental!!
The water elemental is burned terribly!
The water elemental is almost destroyed.
The water elemental is engulfed in a cloud of scalding steam.
The water nymph is engulfed in a cloud of scalding steam.
The water nymph casts a spell at you. The water rises up and strikes you!!!
You die...

≈≈≈≈≈≈≈≈≈≈≈##
≈≈≈≈≈≈≈≈≈≈≈#
≈≈≈≈≈≈≈≈≈≈≈#
≈≈≈≈≈≈≈≈≈≈≈#
≈≈≈≈≈≈≈≈≈≈≈###
≈≈≈≈≈≈≈≈≈≈≈≈≈#### ##
≈≈≈≈≈≈≈≈≈≈≈≈≈#≈≈#≈≈#
≈≈≈≈≈≈≈≈≈≈≈≈≈≈≈≈≈≈≈≈
≈≈≈≈≈≈≈≈≈≈≈≈@}≈≈≈≈†≈
≈≈≈≈≈≈≈≈≈.§§≈≈≈≈?≈≈≈
≈≈≈≈≈≈≈≈.§†§≈≈≈≈≈≈E≈≈
≈≈≈≈≈≈≈≈§§§§≈≈≈≈≈§§§≈
≈≈≈≈≈≈≈≈§§§##≈≈##§m§≈
≈≈≈≈≈≈≈≈≈###### ≈§≈≈
≈≈≈≈≈≈≈#≈ ≈≈≈ ≈≈≈≈≈#
≈≈


You could see a water elemental and a water nymph.

Vanquished Creatures
  3 krakens (Shoals:1)
  Polyphemus (Shoals:2)
  Gastronok (D:11)
  Kirke (Shoals:2)
  A fenstrider witch (Shoals:3)
  Ilsuiw (Shoals:2)
  The ghost of Dittersdorf the Warrior, a journeyman GrFi of Okawaru (Orc:2)
  The ghost of fragbeetle the Demolition Djinni, a journeyman DjFE of Makhleb (Lair:3)
  4 merfolk impalers
  Josephine (Lair:5)
  6 merfolk javelineers
  The ghost of Tayschli the Cleaver, a journeyman MiBe of Trog (D:10)
  A boulder beetle (Lair:4)
  11 hydras
  2 ogre magi (Orc:2)
  4 catoblepae
  A dancing weapon (Orc:2)
  A centaur warrior (D:11)
  10 two-headed ogres
  The ghost of snetch the Thaumaturge, a journeyman DjFE of Wu Jian (D:10)
  The ghost of drugrobin the Cleaver, a novice DgFi (D:10)
  An alligator snapping turtle (Shoals:3)
  19 death yaks
  4 merfolk avatars
  2 orc high priests
  Sonja (Lair:3)
  Urug (Lair:3)
  Nergalle (D:12)
  Amaemon (Lair:2)
  12 sea snakes
  2 deep trolls (Orc:2)
  8 harpies
  2 orc knights
  An orc sorcerer (Orc:1)
  An oklob plant (Lair:3)
  8 fauns
  7 cyclopes
  14 manticores
  9 merfolk sirens
  3 black mambas
  5 elephants (Lair:6)
  6 water nymphs
  2 torpor snails (Lair:2)
  3 gargoyles
  An orange demon (Lair:2)
  11 cane toads
  2 rime drakes
  An unseen horror (D:12)
  A kobold demonologist (D:11)
  6 komodo dragons
  3 yaktaurs (D:12)
  12 trolls
  6 polar bears
  7 wind drakes
  19 merfolk
  Grinder (D:4)
  3 slime creatures (D:12)
  7 snapping turtles
  31 dream sheep
  15 blink frogs
  Sigmund (D:2)
  7 wraiths
  2 water elementals
  3 wyverns
  58 yaks
  A basilisk (Lair:6)
  6 hogs (Shoals:2)
  3 steam dragons
  3 redbacks (Lair:3)
  4 wargs
  Edmund (D:5)
  17 water moccasins
  An acid dragon (D:8)
  Duvessa (D:7)
  An ice beast (D:3)
  27 orc warriors
  2 sky beasts
  4 black bears
  10 wolves
  18 ogres
  7 centaurs
  5 kobold brigands
  8 bullfrogs
  2 gnoll sergeants
  A necrophage (D:4)
  3 scorpions
  3 wights (D:10)
  Dowan (D:7)
  3 killer bees (D:9)
  7 howler monkeys
  An electric eel (Lair:6)
  2 jellies (D:7)
  3 hounds (D:5)
  10 orc priests
  4 iguanas
  18 orc wizards
  7 hell rats (Lair:4)
  Robin (D:4)
  14 gnolls
  9 adders
  4 white imps
  2 worms
  2 dart slugs
  70 orcs
  5 endoplasms
  A giant cockroach (D:2)
  7 goblins
  11 hobgoblins
  5 jackals (D:1)
  3 quokkas
  4 ball pythons
  5 bats
  3 frilled lizards
  17 kobolds
  6 rats
  6 tentacles (Shoals:1)
723 creatures vanquished.

Vanquished Creatures (collateral kills)
  A killer bee (D:9)
  5 foxfires
6 creatures vanquished.

Vanquished Creatures (others)
  A bush (Lair:6)
  622 foxfires
  37 fungi
  78 plants
  6 tentacles (Shoals:1)
  4 withered plants (D:10)
748 creatures vanquished.

Grand Total: 1477 creatures vanquished

Notes
Turn   | Place    | Note
-------+----------+-------------------------------------------
     0 | D:1      | pokeman the Deep Elf Hedge Wizard began the quest for the
                  | Orb.
     0 | D:1      | Reached XP level 1. HP: 10/10 MP: 7/7
   331 | D:1      | Reached XP level 2. HP: 16/16 MP: 2/9
   909 | D:1      | Reached skill level 5 in Spellcasting
  1267 | D:1      | Reached XP level 3. HP: 18/20 MP: 2/11
  1271 | D:1      | Learned a level 3 spell: Mephitic Cloud
  1274 | D:1      | Learned a level 2 spell: Call Imp
  1277 | D:1      | Learned a level 2 spell: Blink
  1281 | D:1      | Learned a level 3 spell: Conjure Flame
  1812 | D:2      | Reached skill level 1 in Armour
  1893 | D:2      | Found a faded altar of an unknown god.
  1912 | D:2      | Reached skill level 1 in Fighting
  2058 | D:2      | Noticed Sigmund
  2069 | D:2      | Killed Sigmund
  2070 | D:2      | Reached skill level 6 in Spellcasting
  2070 | D:2      | Reached skill level 1 in Fire Magic
  2070 | D:2      | Reached XP level 4. HP: 17/25 MP: 3/14
  2070 | D:2      | Reached XP level 5. HP: 19/29 MP: 3/15
  2684 | D:3      | Reached XP level 6. HP: 21/34 MP: 1/17
  2842 | D:3      | Reached skill level 1 in Air Magic
  2977 | D:3      | Reached skill level 7 in Spellcasting
  3018 | D:3      | Noticed an ice beast
  3369 | D:3      | Killed an ice beast
  3370 | D:3      | Reached skill level 1 in Poison Magic
  3370 | D:3      | Reached skill level 1 in Evocations
  3889 | D:4      | Reached XP level 7. HP: 38/38 MP: 17/20
  4048 | D:4      | Found an ancient bone altar of Kikubaaqudgha.
  4202 | D:4      | Reached skill level 8 in Spellcasting
  4208 | D:4      | Noticed Robin
  4211 | D:4      | Killed Robin
  4230 | D:4      | Learned a level 6 spell: Iron Shot
  4459 | D:4      | Noticed Grinder
  4476 | D:4      | Killed Grinder
  4477 | D:4      | Reached skill level 1 in Earth Magic
  4501 | D:4      | Reached XP level 8. HP: 35/44 MP: 1/22
  4721 | D:4      | Identified the +1 robe of Liohilapu {rC- rN++ Slay+3}
  4790 | D:5      | Entered Level 5 of the Dungeon
  4910 | D:5      | Reached skill level 9 in Spellcasting
  5306 | D:5      | Noticed Edmund
  5333 | D:5      | Killed Edmund
  5334 | D:5      | Reached skill level 5 in Conjurations
  5811 | D:6      | Found a staircase to the Ecumenical Temple.
  5820 | Temple   | Entered the Ecumenical Temple
  5837 | Temple   | Became a worshipper of Vehumet
  5877 | D:6      | Reached skill level 10 in Spellcasting
  6333 | D:6      | Reached XP level 9. HP: 48/48 MP: 15/25
  7084 | D:7      | Reached skill level 11 in Spellcasting
  7132 | D:7      | Noticed Duvessa
  7138 | D:7      | Noticed Dowan
  7152 | D:7      | Killed Duvessa
  7155 | D:7      | Killed Dowan
  7846 | D:7      | Reached * piety under Vehumet
  7846 | D:7      | Offered knowledge of Foxfire by Vehumet.
  7849 | D:7      | Learned a level 1 spell: Foxfire
  8374 | D:8      | Found a staircase to the Lair.
  8507 | D:8      | Reached skill level 5 in Earth Magic
  8979 | D:9      | Reached skill level 12 in Spellcasting
  9208 | D:9      | Found a basalt altar of Yredelemnul.
  9342 | D:9      | Identified the +9 flail of Dyircham {flame, rElec rN+
                  | Dex+3}
  9537 | D:9      | Reached XP level 10. HP: 56/56 MP: 20/28
  9546 | D:9      | Offered knowledge of Shock by Vehumet.
  9647 | D:9      | Reached ** piety under Vehumet
  9710 | D:9      | Found a sparkling altar of Nemelex Xobeh.
  9878 | D:9      | Found a white marble altar of Elyvilon.
  9914 | D:10     | Entered Level 10 of the Dungeon
  9933 | D:10     | Found a runed translucent gate.
  9934 | D:10     | Found a runed translucent gate.
  9935 | D:10     | Found a runed translucent gate.
  9936 | D:10     | Noticed drugrobin's ghost (novice DgFi)
  9937 | D:10     | Noticed Tayschli's ghost (journeyman MiBe)
  9937 | D:10     | Noticed snetch's ghost (journeyman DjFE)
 10246 | D:10     | Noticed a gargoyle
 10260 | D:10     | Killed a gargoyle
 10261 | D:10     | Reached skill level 13 in Spellcasting
 10533 | D:10     | Identified the +3 quarterstaff of the Silent Majority
                  | {venom, rElec rPois}
 11506 | D:11     | Noticed a centaur warrior
 11517 | D:11     | Killed a centaur warrior
 11643 | D:11     | Reached skill level 14 in Spellcasting
 11698 | D:11     | Noticed a rust devil
 11715 | D:11     | Noticed a cyclops
 11726 | D:11     | Killed a cyclops
 11727 | D:11     | Reached XP level 11. HP: 31/61 MP: 3/31
 11839 | D:11     | Noticed a two-headed ogre
 11866 | D:11     | Killed a two-headed ogre
 12088 | D:11     | Noticed Gastronok
 12132 | D:11     | Killed Gastronok
 12352 | D:11     | Noticed a two-headed ogre
 12360 | D:11     | Killed a two-headed ogre
 12361 | D:11     | Reached skill level 15 in Spellcasting
 12440 | D:11     | Offered knowledge of Inner Flame by Vehumet.
 12928 | D:10     | Killed Tayschli's ghost
 12930 | D:10     | Killed snetch's ghost
 13165 | D:10     | Killed drugrobin's ghost
 13550 | D:12     | Reached skill level 5 in Armour
 13666 | D:12     | Noticed an orc knight
 13718 | D:12     | Found Kapteo's Armour Shoppe.
 13718 | D:12     | Found a staircase to the Orcish Mines.
 13723 | D:12     | Found Peg Tyi's Weapon Shoppe.
 14151 | D:12     | Reached skill level 16 in Spellcasting
 14151 | D:12     | Noticed Nergalle
 14156 | D:12     | Killed Nergalle
 14299 | D:12     | Reached *** piety under Vehumet
 14467 | D:12     | Reached XP level 12. HP: 66/66 MP: 3/34
 15363 | Lair:1   | Entered Level 1 of the Lair of Beasts
 15366 | Lair:1   | Reached skill level 5 in Fire Magic
 15368 | Lair:1   | Offered knowledge of Stone Arrow by Vehumet.
 15369 | Lair:1   | Reached skill level 10 in Conjurations
 15516 | Lair:1   | Noticed a four-headed hydra
 15520 | Lair:1   | Killed a four-headed hydra
 15528 | Lair:1   | Reached skill level 17 in Spellcasting
 16801 | Lair:2   | Reached **** piety under Vehumet
 17354 | Lair:2   | Noticed Amaemon
 17366 | Lair:2   | Killed Amaemon
 17682 | Lair:2   | Reached skill level 18 in Spellcasting
 18335 | Lair:2   | Identified a scroll of acquirement
 18341 | Lair:2   | Acquired the ring "Jedureng" {rPois MP+9}
 18373 | Lair:3   | Noticed Urug
 18375 | Lair:3   | Killed Urug
 18376 | Lair:3   | Reached skill level 5 in Fighting
 18552 | Lair:3   | Noticed Sonja
 18561 | Lair:3   | Killed Sonja
 18561 | Lair:3   | Offered knowledge of Olgreb's Toxic Radiance by Vehumet.
 18633 | Lair:3   | Reached XP level 13. HP: 72/72 MP: 37/37
 18731 | Lair:3   | Found a hole to the Spider Nest.
 19138 | Lair:3   | Found a runed translucent door.
 19142 | Lair:3   | Noticed fragbeetle's ghost (journeyman DjFE)
 19637 | Lair:3   | Killed fragbeetle's ghost
 21156 | Lair:4   | Found a staircase to the Shoals.
 21433 | Lair:5   | Reached skill level 19 in Spellcasting
 21789 | Lair:5   | Noticed Josephine
 22745 | Lair:5   | Reached ***** piety under Vehumet
 22745 | Lair:5   | Offered knowledge of Starburst by Vehumet.
 22759 | Lair:5   | Learned a level 6 spell: Starburst
 22924 | Lair:5   | Killed Josephine
 23065 | Lair:5   | Reached skill level 20 in Spellcasting
 23123 | Lair:5   | Reached XP level 14. HP: 80/80 MP: 40/40
 23551 | Lair:6   | Entered Level 6 of the Lair of Beasts
 24431 | Lair:6   | Found a viscous altar of Jiyva.
 24432 | Lair:6   | Found a staircase to the Slime Pits.
 24633 | Lair:6   | Reached skill level 21 in Spellcasting
 24691 | Lair:6   | Offered knowledge of Iskenderun's Mystic Blast by Vehumet.
 24957 | Lair:6   | Reached skill level 1 in Shields
 25343 | Lair:6   | Reached skill level 10 in Fire Magic
 26062 | Lair:6   | Got the Compendium of Cold
 26065 | Lair:6   | Identified the amulet "Ugul Vits" {Faith Dex+3}
 27862 | Orc:1    | Entered Level 1 of the Orcish Mines
 28078 | Orc:2    | Entered Level 2 of the Orcish Mines
 28078 | Orc:2    | Found Otriumpi's Distillery.
 28127 | Orc:2    | Found a staircase to the Elven Halls.
 28279 | Orc:2    | Found Iruxank's Armour Shoppe.
 28284 | Orc:2    | Bought the -5 pair of boots of Egatotwu {rC+ Will+} for 1
                  | gold piece
 28356 | Orc:1    | Reached XP level 15. HP: 86/86 MP: 42/42
 28484 | Orc:1    | You are sucked into a shaft and drop 1 floor!
 29039 | Orc:2    | Found Qaek's Distillery.
 29040 | Orc:2    | Found Ugoduk's Weapon Shoppe.
 29056 | Orc:2    | Reached skill level 22 in Spellcasting
 29248 | Orc:2    | Found Lijasuig's Armour Boutique.
 29250 | Orc:2    | Bought a potion of brilliance for 48 gold pieces
 29250 | Orc:2    | Bought a potion of might for 48 gold pieces
 29250 | Orc:2    | Bought a potion of flight for 36 gold pieces
 29250 | Orc:2    | Bought a potion of curing for 36 gold pieces
 29250 | Orc:2    | Bought a potion of curing for 36 gold pieces
 29257 | Orc:2    | Found Qonar's Antique Armour Emporium.
 29279 | Orc:2    | Offered knowledge of Spellforged Servitor by Vehumet.
 29665 | Orc:2    | Found Dehi's Distillery.
 29687 | Orc:2    | Bought a potion of curing for 48 gold pieces
 29687 | Orc:2    | Bought a potion of heal wounds for 80 gold pieces
 29687 | Orc:2    | Bought a potion of curing for 48 gold pieces
 29687 | Orc:2    | Bought a potion of curing for 48 gold pieces
 29687 | Orc:2    | Bought a potion of curing for 48 gold pieces
 29687 | Orc:2    | Bought a potion of lignification for 48 gold pieces
 29687 | Orc:2    | Bought a potion of attraction for 48 gold pieces
 29784 | Orc:2    | Found a runed translucent door.
 29785 | Orc:2    | Found a shimmering altar of Xom.
 29785 | Orc:2    | Noticed Dittersdorf's ghost (journeyman GrFi)
 30256 | Orc:2    | Killed Dittersdorf's ghost
 30839 | Shoals:1 | Entered Level 1 of the Shoals
 31194 | Shoals:1 | Learned a level 3 spell: Swiftness
 31475 | Shoals:1 | Noticed a kraken
 31490 | Shoals:1 | Killed a kraken
 31561 | Shoals:1 | Noticed a kraken
 31629 | Shoals:1 | Killed a kraken
 31774 | Shoals:1 | Noticed a kraken
 31783 | Shoals:1 | Killed a kraken
 31990 | Shoals:1 | Reached skill level 23 in Spellcasting
 32359 | Shoals:2 | Noticed Polyphemus
 32365 | Shoals:2 | Noticed Ilsuiw
 32366 | Shoals:2 | Reached skill level 5 in Shields
 32369 | Shoals:2 | HP: 3/86 [something/blast of calcifying dust[Polyphemus]
                  | (5)]
 32679 | Shoals:2 | Killed Ilsuiw
 32812 | Shoals:2 | Killed Polyphemus
 32813 | Shoals:2 | Reached XP level 16. HP: 73/92 MP: 45/45
 33029 | Shoals:2 | Noticed Kirke
 33035 | Shoals:2 | Offered knowledge of Fireball by Vehumet.
 33104 | Shoals:2 | Learned a level 5 spell: Fireball
 33751 | Shoals:2 | Killed Kirke
 34818 | Shoals:4 | Entered Level 4 of the Shoals
 35118 | Shoals:4 | Reached skill level 24 in Spellcasting
 35561 | Shoals:4 | Offered knowledge of Eringya's Noxious Bog by Vehumet.
 35583 | Shoals:4 | Reached skill level 15 in Conjurations
 35585 | Shoals:4 | Reached skill level 1 in Ice Magic
 35728 | Shoals:4 | Identified the +8 trident of Offence {vorpal, rPois rF+
                  | Str+8 Dex-4}
 35735 | Shoals:4 | Identified the +0 long sword of Kismet {venom, Fly rPois
                  | Dex-4 SInv}
 36072 | Shoals:4 | Killed from afar by a water nymph

Illustrated notes

Levels and vault maps discovered:
D:1:      dpeg_arrival_tiny_h, layout_loops_ring
D:2:      layout_basic, ebering_ecumenical_altar_webs,
          minmay_misc_feat_more_columns, minmay_misc_feat_chi, uniq_sigmund
D:3:      layout_basic, minmay_splitting_lines
D:4:      layout_rooms, mainiacjoe_overflow_24_doors, uniq_grinder, uniq_robin
D:5:      layout_rooms, uniq_edmund
D:6:      layout_loops_cross, minmay_temple_entry_junction, minmay_holes
D:7:      layout_basic, uniq_duvessa
D:8:      layout_basic, lair_entry_dummy
D:9:      layout_irregular_city, kennysheep_ying_yang, nemelex_altar_shiori,
          minmay_misc_feat_doors
D:10:     layout_irregular_city, gammafunk_ghost_cemetery
D:11:     layout_basic, blue_anna_alchemist, uniq_gastronok
D:12:     layout_stronghold, orc_david_3, corner_web_ring,
          kennysheep_generic_room_4, uniq_nergalle
Temple:   compressed_dpeg_circular_temple
Lair:1:   layout_roguey, grunt_megastairs_3, serial_bayou_shore_b
Lair:2:   nzn_winding_woodlands_medium [nzn_winding_woodlands_5x5_checkerboard,
          nzn_winding_woodlands_5x15_sidewinder,
          nzn_winding_woodlands_hourglass, nzn_winding_woodlands_5x5_perimeter,
          nzn_winding_woodlands_center_diamonds,
          nzn_winding_woodlands_5x5_cross,
          nzn_winding_woodlands_5x5_closed_star,
          nzn_winding_woodlands_5x15_concentric,
          nzn_winding_woodlands_5x5_three], layout_loops_ring, uniq_amaemon
Lair:3:   layout_roguey, spider_nest_entry_webs, hellmonk_ghost_happy_afterlife,
          uniq_sonja, uniq_urug
Lair:4:   layout_layer_cave, minmay_shoals_entry_beasts, grunt_megastairs_1
Lair:5:   layout_misc_corridors, lemuel_fruit_tree, uniq_josephine
Lair:6:   evilmike_catoblepas_cave, layout_regular_city,
          dpeg_slime_entry_enclosed_altar, gammafunk_lair_bear_cave,
          grunt_megastairs_4, infiniplex_staircase_pool_2
Shoals:1: layout_shoals
Shoals:2: layout_shoals, uniq_polyphemus, uniq_ilsuiw, uniq_kirke
Shoals:3: layout_shoals, nicolae_shoals_beach_house_on_fowls_legs
Shoals:4: shoals_end_grunt_ice, layout_shoals, nicolae_shoals_circle_sea_wall
Orc:1:    layout_caves
Orc:2:    st_orc_open, layout_caves, ebering_ghost_xom, serial_shops,
          nicolae_square_shop, nicolae_square_shop, shop_fountains

Skill      XL: |  1  2  3  4  5  6  7  8  9 10 11 12 13 14 15 16 |
---------------+-------------------------------------------------+-----
Spellcasting   | 5 6 7 8 10 12 14 16 18 20 21 23 24 | 24.4
Armour         | 1 2 3 5 6 7 |  7.1
Fighting       | 1 2 3 4 5 6 7 |  7.3
Conjurations   | 2 3 4 5 7 8 9 10 12 13 14 15 | 15.1
Dodging        | 3 |  3.3
Fire Magic     | 1 2 3 4 6 8 10 11 12 | 12.7
Air Magic      | 1 |  1.0
Stealth        | 3 |  3.0
Poison Magic   | 1 2 |  2.0
Evocations     | 1 2 |  2.0
Earth Magic    | 1 3 5 7 8 |  8.0
Shields        | 2 5 |  5.1
Ice Magic      | 1 |  1.1
Summonings     | |  1.1
Translocations | |  1.1

Action                   |  1- 3 |  4- 6 |  7- 9 | 10-12 | 13-15 | 16-18 || total
-------------------------+-------+-------+-------+-------+-------+-------++-------
Melee: Dagger            |    21 |     5 |       |       |       |       ||    26
       Punch             |     1 |       |       |     3 |       |       ||     4
       Staff             |     2 |     4 |    31 |    25 |    32 |       ||    94
       Flail             |       |       |       |     8 |       |       ||     8
 Cast: Magic Dart        |    90 |    87 |   279 |     3 |     1 |       ||   460
       Mephitic Cloud    |     1 |     3 |    15 |    17 |    14 |       ||    50
       Conjure Flame     |     1 |     2 |    16 |    32 |    11 |       ||    62
       Blink             |       |       |     1 |     5 |     4 |       ||    10
       Foxfire           |       |       |    74 |   190 |    78 |     3 ||   345
       Call Imp          |       |       |     1 |     3 |     1 |       ||     5
       Iron Shot         |       |       |       |   114 |   274 |     8 ||   396
       Starburst         |       |       |       |       |   130 |     9 ||   139
       Fireball          |       |       |       |       |       |   124 ||   124
Evoke: Wand              |       |       |       |     5 |       |       ||     5
  Use: Scroll            |       |       |       |    17 |     5 |     2 ||    24
       Potion            |       |       |       |       |     1 |       ||     1
 Stab: Confused          |       |     1 |     2 |     4 |       |       ||     7
Armor: Robe              |    12 |       |       |       |       |       ||    12
       Leather armour    |     3 |     2 |    26 |       |       |       ||    31
       Steam dragon scal |       |       |     9 |    33 |    55 |    12 ||   109
Dodge: Dodged            |    31 |     7 |    63 |    80 |   106 |    28 ||   315
Block: Buckler           |       |       |       |       |       |    11 ||    11

Table legend: (Time is in decaauts)
 A = Elapsed time spent in this place.
 B = Non-inter-level travel time spent in this place.
 C = Inter-level travel time spent in this place.
 D = Time resting spent in this place.
 E = Time spent auto-exploring this place.
 F = Levels seen in this place.
 G = Mean time per level.
                   A        B        C        D        E       F      G
               +--------+--------+--------+--------+--------+-----+--------+
         Total |  36129 |  33775 |   2354 |   5841 |  23276 |  25 | 1445.2 |
       Dungeon |  16170 |  14898 |   1272 |   1341 |  11286 |  12 | 1347.5 |
        Temple |     91 |     66 |     25 |      0 |      9 |   1 |   91.0 |
          Lair |  12018 |  11234 |    784 |   3200 |   6829 |   6 | 2003.0 |
        Shoals |   5233 |   5083 |    150 |   1201 |   3168 |   4 | 1308.2 |
  Orcish Mines |   2615 |   2494 |    121 |     99 |   1984 |   2 | 1307.5 |
               +--------+--------+--------+--------+--------+-----+--------+

Top non-repeatable levels by time:
  Lair:6: 3694 daAuts
  Lair:4: 2309 daAuts
    D:11: 2163 daAuts
  Lair:2: 1997 daAuts
   Orc:2: 1950 daAuts
Shoals:2: 1820 daAuts
    D:12: 1711 daAuts
    D:10: 1660 daAuts
  Lair:3: 1643 daAuts
     D:1: 1613 daAuts
     D:7: 1452 daAuts
     D:3: 1414 daAuts
  Lair:5: 1352 daAuts
Shoals:1: 1293 daAuts
     D:8: 1180 daAuts
